 Dungeon Crawl Stone Soup version 0.29.0-4-gdea44cf6ec (webtiles) character file.

Game seed: 5888319738832655916

37 qw the Chopper (level 3, -1/21 HPs)
             Began as a Tengu Warper on Aug 28, 2022.
             Slain by a gnoll
             ... wielding a +0 spear
              (5 damage)
             ... on level 2 of the Dungeon.
             The game lasted 00:00:06 (1224 turns).

qw the Chopper (Tengu Warper)                       Turns: 1224, Time: 00:00:07

Health: -1/21      AC:  4    Str: 13    XL:     3   Next: 41%
Magic:  0/7        EV: 12    Int: 13    God:
Gold:   113        SH:  0    Dex: 13    Spells: 6/6 levels left

rFire   . . .      SeeInvis .   Y - +5 hand axe
rCold   . . .      Faith    .   (no shield)
rNeg    . . .      Spirit   +   b - +0 leather armour
rPois   .          Reflect  .   (helmet restricted)
rElec   .          Harm     .   i - +0 cloak
rCorr   .          Rampage  .   (no gloves)
Will    +....                   (boots unavailable)
Stlth   +.........              k - amulet of guardian spirit
HPRegen 0.07/turn               d - ring of willpower
MPRegen 0.10/turn               (no ring)

@: no status effects
A: beak, talons 3
a: no special abilities


You were on level 2 of the Dungeon.
You visited 1 branch of the dungeon, and saw 2 of its levels.

You collected 113 gold pieces.


Innate Abilities, Weirdness & Mutations

You have a beak for a mouth.
You have claws for feet.


   Skills:
 - Level 2.0 Fighting
 + Level 4.1 Axes
 - Level 1.0 Throwing
 - Level 1.1 Armour
 - Level 2.1 Dodging
 - Level 2.0 Spellcasting
 - Level 2.4 Translocations


You had 6 spell levels left.
You didn't know any spells.
Your spell library contained the following spells:

 Spells                   Type           Power      Damage    Failure   Level
 Blink                    Tloc           14%        N/A       19%         2
 Gell's Gravitas          Tloc           7%         N/A       36%         3
 Lesser Beckoning         Tloc           7%         N/A       36%         3
 Teleport Other           Tloc           7%         N/A       36%         3
 Manifold Assault         Tloc           7%         N/A       98%         5

Inventory:

Hand Weapons
 h - a +0 whip
 Y - a +5 hand axe (weapon)
Missiles
 e - 5 boomerangs (quivered)
Armour
 b - a +0 leather armour (worn)
 g - a +0 scale mail
 i - a +0 cloak (worn)
Jewellery
 d - a ring of willpower (left hand)
 k - an amulet of guardian spirit (around neck)
 l - a ring of fire
Scrolls
 f - a scroll of acquirement {unknown}
Potions
 a - a potion of attraction {unknown}
 c - a potion of resistance {unknown}
 n - a potion of degeneration {unknown}

Dungeon Overview and Level Annotations

Branches:
Dungeon (2/15)

Altars:


Message History

You kill the ball python!
You start resting.
HP restored.
A gnoll comes into view. It is wielding a +0 halberd.
Found a scroll labelled NOUH SOREHESTRAM.
The gnoll shouts!
You hear a shout!
The gnoll moves out of view.
You hear a shout!
A gnoll comes into view. It is wielding a +0 spear.
The gnoll shouts!
1212 ||| Stepping ~*~*~tactically~*~*~ (hiding).
1213 ||| Stepping ~*~*~tactically~*~*~ (hiding).
You start waiting.
A gnoll is nearby!
The gnoll closely misses you. x2
You hit the gnoll. Your kick misses the gnoll.
The gnoll is lightly wounded.
The gnoll barely misses you. The gnoll closely misses you.
You slash the gnoll! Your kick misses the gnoll.
You peck the gnoll, but do no damage.
The gnoll is almost dead.
The gnoll hits you with a +0 halberd!
The gnoll hits you from afar with a +0 spear.
You hit the gnoll.
You kill the gnoll!
The gnoll closely misses you.
Your Axes skill increases to level 4!
The gnoll closely misses you.
Things that are here:
a +0 halberd; a gnoll corpse You hit the gnoll.
Your kick misses the gnoll.
The gnoll is heavily wounded.
The gnoll hits you with a +0 spear. x2
You hit the gnoll but do no damage.
The gnoll is moderately wounded.
The gnoll hits you with a +0 spear.
You completely miss the gnoll. Your kick misses the gnoll.
The gnoll is moderately wounded.
The gnoll hits you with a +0 spear.
You die...

...........#
...........#
.##........#
...........#
...........#
...........#
...........#
........####...
....#+#@.......
........g......
.......!.......
...........#?..
...........# ..
...........# #
...........#
..........##


You could see a gnoll.

Vanquished Creatures
  A gnoll (D:2)
  A dart slug (D:1)
  3 endoplasms
  2 giant cockroaches (D:1)
  2 goblins (D:1)
  2 hobgoblins (D:1)
  2 kobolds (D:1)
  4 ball pythons
  2 bats (D:1)
  5 frilled lizards (D:1)
  3 rats (D:1)
27 creatures vanquished.

Vanquished Creatures (others)
  A plant (D:1)
1 creature vanquished.

Grand Total: 28 creatures vanquished

Notes
Turn   | Place    | Note
-------+----------+-------------------------------------------
     0 | D:1      | qw the Tengu Warper began the quest for the Orb.
     0 | D:1      | Reached XP level 1. HP: 12/12 MP: 4/4
     0 | D:1      | 0 ||| qw: Version: 0.1-a-89-g26bdef1
     0 | D:1      | 0 ||| qw: Game counter: 1058
     0 | D:1      | 0 ||| qw: Always use a shield: true
     0 | D:1      | 0 ||| qw: God list: Okawaru
     0 | D:1      | 0 ||| qw: Allow faded altars: false
     0 | D:1      | 0 ||| qw: Do Orc after D:15 true
     0 | D:1      | 0 ||| qw: Do second Lair branch before Depths: true
     0 | D:1      | 0 ||| qw: Lair rune preference: random
     0 | D:1      | 0 ||| qw: Plans: Normal
     0 | D:1      | 0 ||| PLANNING D:1-11
    59 | D:1      | 59 ||| SWAPPING to +4 hand axe.
    60 | D:1      | 60 ||| DROPPING +0 hand axe.
   149 | D:1      | 149 ||| Stepping ~*~*~tactically~*~*~ (stealth).
   151 | D:1      | 151 ||| Stepping ~*~*~tactically~*~*~ (stealth).
   199 | D:1      | 199 ||| Stepping ~*~*~tactically~*~*~ (stealth).
   230 | D:1      | Reached skill level 3 in Axes
   230 | D:1      | Reached XP level 2. HP: 17/17 MP: 6/6
   320 | D:1      | 320 ||| Stepping ~*~*~tactically~*~*~ (hiding).
   426 | D:1      | 426 ||| Stepping ~*~*~tactically~*~*~ (hiding).
   829 | D:1      | 829 ||| Stepping ~*~*~tactically~*~*~ (stealth).
   848 | D:1      | Found a faded altar of an unknown god.
   961 | D:1      | Reached XP level 3. HP: 21/21 MP: 7/7
  1089 | D:1      | 1089 ||| UPGRADING to +0 cloak.
  1094 | D:1      | 1094 ||| UPGRADING to amulet of guardian spirit.
  1099 | D:1      | 1099 ||| UPGRADING to ring of willpower.
  1100 | D:1      | 1100 ||| READING scroll labelled IGORHI DELUPO.
  1101 | D:1      | 1101 ||| READING scroll labelled HACSEZ ZORHUYFIE.
  1102 | D:1      | 1102 ||| READING scroll labelled ITWAKHL UKUEJ.
  1103 | D:1      | 1103 ||| DROPPING scroll of blinking.
  1212 | D:2      | 1212 ||| Stepping ~*~*~tactically~*~*~ (hiding).
  1213 | D:2      | 1213 ||| Stepping ~*~*~tactically~*~*~ (hiding).
  1221 | D:2      | Reached skill level 4 in Axes
  1222 | D:2      | HP: 5/21 [gnoll/+0 spear (2)]
  1224 | D:2      | Slain by a gnoll

Levels and vault maps discovered:
D:1:      dpeg_arrival_court, layout_basic, shapermc_ecumenical_altar_rom_forum
D:2:      layout_basic, minmay_box_of_dots

Skill      XL: |  1  2  3 |
---------------+----------+-----
Axes           | 3 4 |  4.1
Fighting       | |  2.0
Throwing       | |  1.0
Armour         | |  1.1
Dodging        | |  2.1
Spellcasting   | |  2.0
Translocations | |  2.4

Action                   || total
-------------------------++-------
Melee: Hand axe          ||    27
       Kick              ||     4
       Peck              ||     2
Throw: Boomerang         ||    42
  Use: Scroll            ||     3
Armor: Leather armour    ||     2
Dodge: Dodged            ||    15

Table legend:
 A = Non-vault XP
 B = Vault XP
 C = Vault XP percentage of total XP
 D = Non-vault monster count
 E = Vault monster count
 F = Vault count percentage of total count
                 A         B        C        D         E       F
            +---------+---------+-------+---------+---------+-------
      Total |      54 |       0 |   0.0 |      27 |       0 |   0.0
            +---------+---------+-------+---------+---------+-------
        D:1 |      34 |       0 |   0.0 |      22 |       0 |   0.0
        D:2 |      20 |       0 |   0.0 |       5 |       0 |   0.0
            +---------+---------+-------+---------+---------+-------
